[Event "*** SCC Grand Prix: Titled Tuesday Blitz"]
[Site "Chess.com"]
[Date "2020.10.13"]
[Round "4"]
[White "wannabe2700"]
[Black "jacky72"]
[Result "0-1"]
[WhiteElo "2711"]
[BlackElo "2567"]
[TimeControl "180+1"]
[EndTime "10:38:32 PDT"]
[Termination "jacky72 won on time"]

1. e4 e5 2. Nf3 Nc6 3. Bb5 a6 4.
Ba4 d6 5. O-O Bd7 6. c3 g6 7. d4 Bg7 8. Re1 Nf6 9. Nbd2 O-O 10.
Nf1 Re8 11. Ng3 b5 12. Bb3 Na5 13. Bc2 c5 14. d5 Rf8 15. b3 Ne8 16. Bd2 h6 17.
Qb1 Nb7 18. a4 Nc7 19. Bd3 Qe7 20. Qc2 Rfb8 21. a5 Rf8 22. b4 c4 23. Bf1 f6 24.
Nh4 Kh7 25. Nf3 Rf7 26. Be3 Raf8 27. Nd2 Kh8 28. f3 f5 29. f4 fxe4 30. fxe5 Nxd5 31. exd6 Nxd6 32. Ndxe4 Nxe4 33. Nxe4 Bf5 34. Bc5 Qe5 35. Bxf8 Rxf8 36. g3 Nxc3 37. Qxc3 Qxc3 38. Nxc3 Bxc3 39. Bg2 Rd8 40. Bb7 Bxa1 41. Rxa1 Rd6 42. Re1 c3 43. Rc1 c2 44. Bf3 Rd3 45. Be2 Rb3 0-1

[Event "*** SCC Grand Prix: Titled Tuesday Blitz"]
[Site "Chess.com"]
[Date "2020.10.13"]
[Round "4"]
[White "Triumphmate"]
[Black "allvim"]
[Result "1-0"]
[WhiteElo "2464"]
[BlackElo "2304"]
[TimeControl "180+1"]
[EndTime "10:38:32 PDT"]
[Termination "Triumphmate won by resignation"]

1. e4 c5 2. Nf3 d6 3. d4 cxd4 4. Nxd4 Nf6 5. Nc3 a6 6. f4 e6 7. Nf3 Qc7 8. Bd3 Be7 9. O-O O-O 10. Kh1 Nc6 11. a3 b5 12. Qe1 Bb7 13. Bd2 Rac8 14. Qg3 Kh8 15. Qh3 g6 16. Ng5 h5 17. f5 Ne5 18. fxg6 fxg6 19. Nxe6 Qd7 20. Nxf8 Rxf8 21. Qxd7 Nexd7 22. Bh6 Rc8 23. Bg5 Kg7 24. Rae1 Ne5 25. h3 Rc7 26. Kh2 Nf7 27. Bd2 Ne5 28. Rf2 Nxd3 29. cxd3 Nh7 30. Ref1 Bf6 31. Ne2 Be5+ 32. Bf4 Bxb2 33. Bxd6 Rd7 34. e5 Bxa3 35. Bxa3 1-0

[Event "*** SCC Grand Prix: Titled Tuesday Blitz"]
[Site "Chess.com"]
[Date "2020.10.13"]
[Round "4"]
[White "SHIVACalypso"]
[Black "Sn00pPawn"]
[Result "1-0"]
[WhiteElo "2368"]
[BlackElo "1982"]
[TimeControl "180+1"]
[EndTime "10:38:33 PDT"]
[Termination "SHIVACalypso won by resignation"]

1. Nf3 Nf6 2. c4 g6 3. g3 Bg7 4. Bg2 O-O 5. O-O d6 6. Nc3 Nc6 7. d3 e5 8. Rb1 a5 9. a3 Re8 10. b4 axb4 11. axb4 e4 12. dxe4 Nxe4 13. Nxe4 Rxe4 14.
Nd2 Re8 15. Bb2 Ra2 16. Qb3 Rxb2 17. Rxb2 Bxb2 18. Qxb2 Rxe2 19. Bf3 Re8 20. b5 Ne5 21. Be2 Bf5 22. Qd4 Qe7 23. Ra1 Nd7 24. Bf3 Nc5 25. Kg2 Qe6 26. Bd5 Bh3+ 27. Kg1 Qe1+ 28. Nf1 Bxf1 29.
Rxe1 Rxe1 30. f4 Nd3 31. h4 h5 32. Qf6 Bh3+ 33. Kh2 Re3 34. Qxf7+ 1-0

[Event "*** SCC Grand Prix: Titled Tuesday Blitz"]
[Site "Chess.com"]
[Date "2020.10.13"]
[Round "4"]
[White "Quiet_Desperation"]
[Black "Tenamu"]
[Result "0-1"]
[WhiteElo "1903"]
[BlackElo "2365"]
[TimeControl "180+1"]
[EndTime "10:38:33 PDT"]
[Termination "Tenamu won by resignation"]

1. e4 e6 2. d4 d5 3. Nc3 Nf6 4. e5 Nfd7 5. f4 c5 6. Nf3 Nc6 7. Be3 Qb6 8. Qd2 Qxb2 9. Rb1 Qa3 10. Rb3 Qa5 11. Be2 c4 12. Rb1 Bb4 13. Rxb4 Qxb4 14.
O-O a6 15. f5 Nf8 16. f6 gxf6 17. exf6 Rg8 18. Kh1 b5 19. Qe1 Qd6 20. Qh4 Bd7 21. Bf4 Qb4 22. Nd1 O-O-O 23. c3 Qa3 24. Bg3 a5 25. Qf4 e5 26. dxe5 Ne6 27. Qh6 Nc5 28. Ne3 Be6 29. Ng5 Qxc3 30. Nxe6 Nxe6 31. Nf5 Nxe5 32. Ne7+ Kd7 33. Nxg8 Rxg8 34. Qxh7 Rxg3 35. hxg3 Qxg3 36. Rf5 Qe1+ 37. Bf1 Nd4 38. Rxe5 Qxe5 39. Qxf7+ Kc6 40. Qg7 Qe1 41. f7 Qxf1+ 42. Kh2 Qf4+ 43. g3 Qf2+ 44. Kh3 Qf1+ 45. Kh4 Nf5+ 0-1

[Event "*** SCC Grand Prix: Titled Tuesday Blitz"]
[Site "Chess.com"]
[Date "2020.10.13"]
[Round "4"]
[White "romulocardoso"]
[Black "Gulkov_Igor"]
[Result "0-1"]
[WhiteElo "2085"]
[BlackElo "2461"]
[TimeControl "180+1"]
[EndTime "10:38:37 PDT"]
[Termination "Gulkov_Igor won by resignation"]

1. e4 c5 2. Nf3 d6 3. d4 cxd4 4. Nxd4 Nf6 5. Nc3 a6 6. Be2 e6 7.
O-O Qc7 8. Kh1 b5 9. Bf3 Bb7 10. Re1 Nbd7 11. Be3 Be7 12. Qd3 Nc5 13. Ndxb5 axb5 14.
Nxb5 Qb8 15. Bxc5 dxc5 16. e5 Nd5 17. c4 Nb4 18. Qe3 Nc2 19. Qb3 Nxa1 20. Nd6+ Bxd6 21.
Qb5+ Kf8 22. Bxb7 Ra7 23. exd6 Rxb7 24. Qxc5 Rd7 25. Rxa1 Qxd6 26. Qh5 g6 27. Qf3 Kg7 28.
a4 Rb8 29. b3 Qd3 30. Qxd3 Rxd3 31. a5 Rdxb3 32. h3 Rb1+ 33. Rxb1 Rxb1+ 34. Kh2 Ra1 35. c5 0-1

[Event "*** SCC Grand Prix: Titled Tuesday Blitz"]
[Site "Chess.com"]
[Date "2020.10.13"]
[Round "4"]
[White "Nikolakis2014"]
[Black "pedromartinez91"]
[Result "1-0"]
[WhiteElo "2741"]
[BlackElo "2520"]
[TimeControl "180+1"]
[EndTime "10:38:40 PDT"]
[Termination "Nikolakis2014 won by resignation"]

1. Nf3 e6 2. c4 d5 3. d4 Nf6 4. g3 Be7 5. Bg2 O-O 6. O-O dxc4 7. Qc2 a6 8. a4 b6 9. Ne5 Ra7 10. Rd1 Bb7 11. Bxb7 Rxb7 12. Nxc4 Qd5 13. b3 Qh5 14. f3 c5 15. Be3 cxd4 16. Bxd4 Nc6 17. Bf2 Nb4 18.
Qc1 Rc8 19. Nc3 b5 20. axb5 axb5 21. Nb6 Bc5 22. Nxc8 Bxf2+ 23. Kxf2 Qxh2+ 24. Ke3 Nfd5+ 25. Nxd5 Nxd5+ 26. Rxd5 exd5 27. Qc6 Qh6+ 28. Qxh6 gxh6 29. Nd6 1-0

[Event "*** SCC Grand Prix: Titled Tuesday Blitz"]
[Site "Chess.com"]
[Date "2020.10.13"]
[Round "4"]
[White "ehrenfeld"]
[Black "GregShahade"]
[Result "0-1"]
[WhiteElo "2480"]
[BlackElo "2632"]
[TimeControl "180+1"]
[EndTime "10:38:40 PDT"]
[Termination "GregShahade won by resignation"]

1. e4 e5 2. Nc3 Nf6 3. f4 d5 4. fxe5 Nxe4 5. Qf3 f5 6. d3 Nxc3 7. bxc3 d4 8. Qg3 dxc3 9. Be2 Be6 10. Bf3 Nc6 11.
Ne2 Qd7 12. O-O Bc5+ 13. Kh1 O-O 14. a3 Nd4 15. Nxd4 Bxd4 16. Bxb7 Rab8 17. Bf3 Rb2 18. Bxb2 cxb2 19. Rae1 Ba2 20. Qf4 Bc3 21. Rd1 Rb8 22. e6 Bxe6 23. d4 Ba2 24. Rb1 Bxd4 25. g4 fxg4 26. Bxg4 Qd6 27. Qe4 Bd5 0-1

[Event "*** SCC Grand Prix: Titled Tuesday Blitz"]
[Site "Chess.com"]
[Date "2020.10.13"]
[Round "4"]
[White "canary2016"]
[Black "fabianvivasz"]
[Result "1-0"]
[WhiteElo "1965"]
[BlackElo "2350"]
[TimeControl "180+1"]
[EndTime "10:38:40 PDT"]
[Termination "canary2016 won on time"]

1. d4 Nf6 2. c4 c5 3. d5 b5 4.
cxb5 a6 5. e3 axb5 6. Bxb5 Qa5+ 7. Nc3 Ne4 8. Qd3 Nxc3 9. bxc3 g6 10. Bb2 Bg7 11. Nf3 O-O 12. O-O d6 13. a4 Nd7 14. Qc2 Nb6 15. c4 Bf5 16. Qe2 Bxb2 17. Qxb2 Rfb8 18. Qc1 Qb4 19. Qa3 Bc2 20. a5 1-0

[Event "*** SCC Grand Prix: Titled Tuesday Blitz"]
[Site "Chess.com"]
[Date "2020.10.13"]
[Round "4"]
[White "lider34"]
[Black "PawnEatingZombie"]
[Result "1-0"]
[WhiteElo "2373"]
[BlackElo "2178"]
[TimeControl "180+1"]
[EndTime "10:38:40 PDT"]
[Termination "lider34 won by checkmate"]

1. e4 c6 2. d4 d5 3. exd5 cxd5 4. Bd3 Nc6 5. c3 Qc7 6. h3 Nf6 7. Nf3 g6 8. O-O Bf5 9. Re1 e6 10. Bg5 Be7 11. Ne5 Nxe5 12. dxe5 Nd7 13. Bxe7 Kxe7 14.
Bxf5 gxf5 15. Qd4 Qc5 16. Qh4+ Ke8 17. Nd2 Rc8 18. Rac1 Qe7 19. Qh5 Kd8 20. c4 d4 21.
Nf3 d3 22. Red1 Nc5 23. b4 Ne4 24. Rxd3+ Kc7 25. c5 Rcd8 26. Rcd1 Rxd3 27. Rxd3 f6 28. Qh4 Rg8 29. exf6 Nxf6 30. Qf4+ Kc8 31. Ne5 Ne4 32. Rd7 Qe8 33. Rxh7 Qa4 34. Nc4 Qd1+ 35. Kh2 Qd5 36. Qc7# 1-0

[Event "*** SCC Grand Prix: Titled Tuesday Blitz"]
[Site "Chess.com"]
[Date "2020.10.13"]
[Round "4"]
[White "MarceloPlaya"]
[Black "yourstrulyme"]
[Result "1-0"]
[WhiteElo "2282"]
[BlackElo "2411"]
[TimeControl "180+1"]
[EndTime "10:38:42 PDT"]
[Termination "MarceloPlaya won by checkmate"]

1. e4 b6 2. d4 Bb7 3. Nc3 e6 4.
Be3 Bb4 5. Bd3 Nf6 6. f3 d5 7. e5 Nfd7 8. Qd2 c5 9. a3 Bxc3 10.
bxc3 Ba6 11. Nh3 Bxd3 12. cxd3 Nc6 13. O-O O-O 14. f4 cxd4 15. cxd4 Ne7 16. g4 Qe8 17. f5 Kh8 18. f6 gxf6 19. exf6 Ng6 20. Bh6 Rg8 21.
Bg7+ Rxg7 22. fxg7+ Kxg7 23. Rae1 Nf6 24. g5 Ng8 25. Nf4 Nxf4 26. Qxf4 Ne7 27. Qf6+ Kg8 28. h4 Qf8 29. h5 Re8 30. Rxe6 Nc8 31. Rxe8 Qxe8 32.
h6 Qe3+ 33. Kg2 Qe2+ 34. Kg3 Qxd3+ 35. Rf3 Qg6 36. Qd8# 1-0

[Event "*** SCC Grand Prix: Titled Tuesday Blitz"]
[Site "Chess.com"]
[Date "2020.10.13"]
[Round "4"]
[White "GM_Huschenbeth"]
[Black "Witik"]
[Result "0-1"]
[WhiteElo "2347"]
[BlackElo "2735"]
[TimeControl "180+1"]
[EndTime "10:38:43 PDT"]
[Termination "Witik won on time"]

1. e4 c6 2. d4 d6 3. Nc3 h6 4. f4 Nd7 5. Nf3 Qa5 6. Bc4 g5 7. fxg5 hxg5 8. Nxg5 e6 9. O-O Ngf6 10. Qf3 Bg7 11.
Bxe6 fxe6 12. Nxe6 Rg8 13. Qg3 Bf8 14. Qh3 Be7 15. b4 Qb6 16. Bg5 Nf8 17. Rxf6 Bxe6 18. Rxe6 Rxg5 0-1

[Event "*** SCC Grand Prix: Titled Tuesday Blitz"]
[Site "Chess.com"]
[Date "2020.10.13"]
[Round "4"]
[White "ama18"]
[Black "Sacbutt"]
[Result "1-0"]
[WhiteElo "2454"]
[BlackElo "2297"]
[TimeControl "180+1"]
[EndTime "10:38:44 PDT"]
[Termination "ama18 won on time"]

1. e4 c5 2. Nf3 d6 3. d4 cxd4 4. Nxd4 Nf6 5. f3 a6 6. c4 g6 7.
Nc3 Bg7 8. Be3 O-O 9. Qd2 Re8 10. Be2 Qc7 11. O-O Nc6 12. Rfd1 Bd7 13. Rac1 Rac8 14. Nd5 Qd8 15. Nxc6 Bxc6 16. Nb6 Rb8 17. b3 Nd7 18.
Nd5 Bxd5 19. cxd5 Nf6 20. Rc4 Rc8 21. Rdc1 Qd7 22. Bb6 Rxc4 23. Rxc4 Rc8 24. Qc2 Rxc4 25. Qxc4 h5 26. b4 Bh6 27. Bd1 Bf4 28. a4 Be5 29.
b5 axb5 30. axb5 h4 31. Ba4 Nh5 32. Bf2 h3 33. g3 Ng7 34. b6 Qd8 35. Qc7 Qa8 36.
Bb5 Kf8 37. f4 Bb2 38. Bf1 Ne8 39. Qd7 Qa1 40. Qxb7 Bd4 41. Qc6 Bxf2+ 42. Kxf2 Qd4+ 43. Kf3 Nf6 44. Qc2 Qxb6 45. Bxh3 Qb4 46. Bf1 1-0

[Event "*** SCC Grand Prix: Titled Tuesday Blitz"]
[Site "Chess.com"]
[Date "2020.10.13"]
[Round "4"]
[White "KarstenHansch"]
[Black "Ze-Pequeno"]
[Result "0-1"]
[WhiteElo "2473"]
[BlackElo "2174"]
[TimeControl "180+1"]
[EndTime "10:38:47 PDT"]
[Termination "Ze-Pequeno won by resignation"]

1. e4 c5 2. Nf3 d6 3. Nc3 Nf6 4. Bc4 Nc6 5. O-O g6 6. d4 cxd4 7. Nxd4 Bd7 8. Bb3 Bg7 9. Nde2 O-O 10. f3 b5 11. Be3 Na5 12. Qd3 b4 13. Nd5 Nxb3 14.
axb3 Nxd5 15. exd5 Bxb2 16. Rxa7 Rxa7 17. Bxa7 Qa5 18.
Bd4 Bb5 19. Qe3 Bxd4 20. Nxd4 Bxf1 21. Kxf1 Qa1+ 22. Kf2 Qd1 23. Nc6 Qxc2+ 24. Kg3 e5 25. Nxb4 Qd1 26. Nc6 Kg7 27. Ne7 Re8 28. Qg5 Qe1+ 29.
Kh3 Qb1 30. b4 f6 0-1

[Event "*** SCC Grand Prix: Titled Tuesday Blitz"]
[Site "Chess.com"]
[Date "2020.10.13"]
[Round "4"]
[White "Infernal_XaM"]
[Black "shrek4life02"]
[Result "1-0"]
[WhiteElo "2871"]
[BlackElo "2575"]
[TimeControl "180+1"]
[EndTime "10:38:49 PDT"]
[Termination "Infernal_XaM won by resignation"]

1. d4 Nf6 2. c4 c6 3. Nc3 d5 4.
Nf3 g6 5. Bf4 Bg7 6. e3 O-O 7.
Be2 dxc4 8. Bxc4 b5 9. Bb3 a5 10. a3 Nbd7 11. O-O Bb7 12. Rc1 Qb6 13. e4 c5 14. e5 Nh5 15. Be3 c4 16. Ba2 Qa6 17. a4 b4 18. Nb5 b3 19. Bb1 Rac8 20. Nd2 Nb6 21. Nc3 Nxa4 22. Nxa4 Qc6 23. Be4 Qxa4 24. Bxb7 Rc7 25. Bd5 Rfc8 26. Rxc4 Rxc4 27. Nxc4 Qa2 28. Nb6 Rb8 29. Bxb3 Qxb2 30. d5 Bxe5 31. Nc4 Bxh2+ 32. Kxh2 Qxb3 33. Qxb3 Rxb3 34. Nxa5 Rd3 35. Nc6 Kf8 36.
Re1 e6 37. dxe6 fxe6 38. Bh6+ Ke8 39. Rxe6+ Kd7 40. Ne5+ Kxe6 41. Nxd3 Nf6 42. f3 Ng8 43. Bc1 Kf5 44. Kg3 Nf6 45. Kf2 Nd5 46. Nc5 h5 47.
Ne4 Ne7 48. Bd2 Nd5 49. Ng3+ Ke6 50. Ke2 h4 51. Ne4 Kf5 52. Bg5 Nc7 53. Bxh4 Ne6 54.
g4+ Ke5 55. Bg3+ Kd4 56. Kf2 g5 57. Bd6 Kd5 58. Be7 1-0

[Event "*** SCC Grand Prix: Titled Tuesday Blitz"]
[Site "Chess.com"]
[Date "2020.10.13"]
[Round "4"]
[White "DrMamaliga"]
[Black "PetrolulSah"]
[Result "1-0"]
[WhiteElo "2362"]
[BlackElo "2168"]
[TimeControl "180+1"]
[EndTime "10:38:49 PDT"]
[Termination "DrMamaliga won by resignation"]

1. c4 Nf6 2. Nf3 g6 3. b4 Bg7 4. Bb2 O-O 5. g3 a5 6. b5 b6 7. Bg2 Bb7 8. O-O Ne4 9. Bxg7 Kxg7 10. d3 Nc5 11. Qc2 f6 12. Nbd2 e5 13. e3 d6 14. d4 Ne6 15. a4 Nd7 16. Rac1 exd4 17. exd4 f5 18. Rfe1 Re8 19. h4 Nf6 20. Rxe6 Rxe6 21.
Ng5 Bd5 22. cxd5 Re8 23. Ne6+ Rxe6 24. dxe6 Rc8 25. d5 Qe7 26. Qc3 Kg8 27. Nb3 Ng4 28. Nd4 Ne5 29. f4 Ng4 30. Nc6 Qf8 31.
Bf3 Nf6 32. Na7 Ra8 33. Qxc7 Ne4 34. Bxe4 fxe4 35. Qf7+ Qxf7 36. exf7+ Kxf7 37. Rc7+ Kf6 38. Nc8 Kf5 39. Kf2 Kg4 40. Nxd6 e3+ 41. Kxe3 Rd8 42. Ne4 Kh3 43. Kf3 h6 44. d6 g5 45. hxg5 h5 46. Rc1 Kh2 47. Nf2 1-0

[Event "*** SCC Grand Prix: Titled Tuesday Blitz"]
[Site "Chess.com"]
[Date "2020.10.13"]
[Round "4"]
[White "PrinceMurad09"]
[Black "Baby_Legs"]
[Result "0-1"]
[WhiteElo "2528"]
[BlackElo "2702"]
[TimeControl "180+1"]
[EndTime "10:38:50 PDT"]
[Termination "Baby_Legs won by resignation"]

1. e4 c5 2. Nf3 e6 3. g3 Nc6 4. Bg2 Nf6 5. Qe2 e5 6. O-O d6 7. h3 h6 8. d3 Be7 9. c3 O-O 10. Rd1 Re8 11. Nbd2 Bf8 12. a4 d5 13. exd5 Nxd5 14.
Nc4 Nb6 15. Nxb6 axb6 16. Nd2 Qc7 17. Nc4 Be6 18. Na3 Qd7 19. Nc4 Qc7 20. b3 b5 21. Nd2 b4 22. Bb2 bxc3 23. Bxc3 Nd4 24. Bxd4 exd4 25. Qf3 Rab8 26. a5 Qd7 27. Kh2 Bd6 28. Nc4 Bc7 29. Rdc1 Qb5 30. Ra3 Qb4 31. Rca1 Red8 32. Qd1 Bd7 33. Nd2 Qb5 34. Qc2 Rdc8 35. Qc4 Qa6 36. Bd5 Bb5 37. Bxf7+ Kh8 38. Qe6 Rf8 39. Kg2 Bc6+ 40. Ne4 Qxd3 41. Bg6 Rf6 42. b4 Rxe6 43. Rxd3 Rxg6 0-1

[Event "*** SCC Grand Prix: Titled Tuesday Blitz"]
[Site "Chess.com"]
[Date "2020.10.13"]
[Round "4"]
[White "Meri-Arabidze"]
[Black "WuinaterJr"]
[Result "1-0"]
[WhiteElo "2700"]
[BlackElo "2528"]
[TimeControl "180+1"]
[EndTime "10:38:50 PDT"]
[Termination "Meri-Arabidze won by resignation"]

1. d4 Nf6 2. c4 e6 3. Nf3 d5 4. Nc3 Bb4 5. Bg5 h6 6. Bxf6 Qxf6 7. Qa4+ Nc6 8. e3 O-O 9. Be2 dxc4 10. O-O Bxc3 11. bxc3 e5 12. Qxc4 Qe7 13. Rab1 Bf5 14. Rb2 Qa3 15. Qb3 Qxb3 16. Rxb3 exd4 17. cxd4 Rab8 18.
Rc1 Rfd8 19. h3 Be6 20. Ra3 f6 21. Bc4 Kf7 22. Nd2 Bxc4 23. Rxc4 a6 24. Ne4 Rd5 25. Nc5 Ne7 26. e4 Rd6 27. d5 c6 28.
Rb4 cxd5 29. Nxb7 Rd7 30. Nd6+ Rxd6 31. Rxb8 dxe4 32. Ra8 f5 33. R8xa6 Rd1+ 34. Kh2 Rd2 35. Ra7 Rxf2 36. Rb3 e3 37. Rxe3 1-0

[Event "*** SCC Grand Prix: Titled Tuesday Blitz"]
[Site "Chess.com"]
[Date "2020.10.13"]
[Round "4"]
[White "peixe64"]
[Black "Evachess2006"]
[Result "1-0"]
[WhiteElo "2360"]
[BlackElo "1621"]
[TimeControl "180+1"]
[EndTime "10:38:50 PDT"]
[Termination "peixe64 won on time"]

1. e4 e5 2. Nf3 Nc6 3. Bb5 a6 4. Ba4 Nf6 5. O-O Be7 6. Bxc6 dxc6 7. d3 Bg4 8. Nbd2 Bd6 9. h3 Bh5 10. d4 O-O 11. dxe5 Bxe5 12. g4 Nxg4 13. Nxe5 Nxe5 14. Qxh5 Ng6 15. Nf3 Qe7 16. Re1 Rfe8 17. Bd2 Rad8 18. e5 Qe6 19. Qg4 Qxg4+ 20. hxg4 Nxe5 21. Nxe5 Rxd2 22. Nf3 Rdd8 23. Rxe8+ Rxe8 24. Rd1 Kf8 25. Rd7 Re7 26. Rxe7 Kxe7 27. Kf1 h6 28. Ke2 Kd6 29. Ke3 Ke6 30. Ke4 f6 31. Nh4 Kf7 32. Kf5 c5 33. c4 b5 34. b3 bxc4 35. bxc4 c6 36. Ng6 a5 37. a4 Kg8 38. Ke6 1-0

[Event "*** SCC Grand Prix: Titled Tuesday Blitz"]
[Site "Chess.com"]
[Date "2020.10.13"]
[Round "4"]
[White "SergeyKarjakin"]
[Black "vanea_03"]
[Result "1-0"]
[WhiteElo "2900"]
[BlackElo "2692"]
[TimeControl "180+1"]
[EndTime "10:38:51 PDT"]
[Termination "SergeyKarjakin won by resignation"]

1. d4 d5 2. Bg5 Nf6 3. Nd2 c5 4. dxc5 e6 5. e4 Bxc5 6. Qe2 Be7 7. e5 Nfd7 8. Bxe7 Qxe7 9. O-O-O Nc6 10. f4 Nc5 11. Ngf3 Bd7 12. Kb1 Rc8 13. Qe3 O-O 14.
Nb3 Nxb3 15. axb3 f6 16. Bd3 b6 17. g3 Qc5 18. Rhe1 Qxe3 19. Rxe3 f5 20. Bb5 Nb8 21. Bxd7 Nxd7 22. c4 d4 23. Nxd4 Nc5 24. Nb5 a6 25.
Nd6 Rc6 26. b4 Nd7 27. b3 Nb8 28. Kb2 Rd8 29. Red3 Rf8 30. b5 Rc5 31. bxa6 Nxa6 32. Nb5 Nb4 33. Rd6 Re8 34. Rxb6 Nc6 35. Nc7 Re7 36. Na6 1-0

[Event "*** SCC Grand Prix: Titled Tuesday Blitz"]
[Site "Chess.com"]
[Date "2020.10.13"]
[Round "4"]
[White "Alexander_Moskalenko"]
[Black "elcandado"]
[Result "1-0"]
[WhiteElo "2816"]
[BlackElo "2568"]
[TimeControl "180+1"]
[EndTime "10:38:51 PDT"]
[Termination "Alexander_Moskalenko won on time"]

1. d4 Nf6 2. c4 e6 3. g3 d5 4. Bg2 Be7 5. Nf3 O-O 6. Nc3 dxc4 7. Ne5 Nc6 8. Bxc6 bxc6 9. Nxc6 Qe8 10. Nxe7+ Qxe7 11. Qa4 e5 12. dxe5 Qxe5 13. Qxc4 Bh3 14. Bf4 Qf5 15. f3 Rfe8 16. O-O-O Qa5 17. Rd2 Be6 18. Qxc7 Qf5 19. e4 Qh5 20. Qe5 Qxf3 21. Re1 Bxa2 22.
Qd4 Rac8 23. e5 Nd5 24. Rd3 Qg2 25. Qe4 Qxe4 26. Rxe4 Nxc3 27. Rxc3 Be6 28. Ra4 Rxc3+ 29. bxc3 Re7 30. Be3 Rc7 31. Kd2 Bd7 32. Ra5 Kf8 33.
Bxa7 Ke8 34. Bd4 Ke7 35. e6 Bxe6 36. Bxg7 Rc4 37. Bd4 Kd7 38. Ke3 Kc6 39. Kf4 Kd7 40. Kg5 Rc6 41. Ra7+ Ke8 42. Bf6 Bc8 43. Be5 Rc5 44.
Kf6 Rc6+ 45. Kg7 h5 46. Bf6 Be6 47. Re7+ 1-0

[Event "*** SCC Grand Prix: Titled Tuesday Blitz"]
[Site "Chess.com"]
[Date "2020.10.13"]
[Round "4"]
[White "cassoulet"]
[Black "Lion-Al-Messi"]
[Result "1-0"]
[WhiteElo "2717"]
[BlackElo "2538"]
[TimeControl "180+1"]
[EndTime "10:38:51 PDT"]
[Termination "cassoulet won by resignation"]

1. e4 e6 2. d4 d5 3. Nc3 Nf6 4. e5 Nfd7 5. f4 c5 6. Nf3 Nc6 7. Be3 a6 8. Qd2 b5 9. Bd3 c4 10. Be2 Nb6 11. O-O b4 12. Nd1 Qc7 13. Bf2 Bd7 14.
Ne3 g6 15. Bh4 Be7 16. Bxe7 Kxe7 17. Ng4 Kd8 18. Ng5 Be8 19. a3 bxa3 20. Rxa3 Kc8 21. Rfa1 Kb7 22. Nf6 h6 23. Nf3 Bd7 24. b3 Rhb8 25. bxc4 dxc4 26. d5 exd5 27. Nxd5 Nxd5 28. Qxd5 Be6 29. Qe4 Qb6+ 30. Kh1 Qc5 31. Ra5 Qb6 32. R5a4 c3 33. Nd4 Rd8 34. Nxc6 Qxc6 35. Rb1+ Kc7 36. Qxc6+ Kxc6 37. Bf3+ Bd5 38. Rc4+ Kd7 39. Bxd5 Rab8 40. Rxb8 Rxb8 41. h3 a5 42. Rxc3 Rb4 43. g3 g5 44.
f5 Rd4 45. Bxf7 Ke7 46. Rc7+ Kf8 47. e6 a4 48. Bg6 Re4 49. f6 Re1+ 50. Kg2 Re2+ 51.
Kf3 Rxc2 52. Rxc2 1-0

[Event "*** SCC Grand Prix: Titled Tuesday Blitz"]
[Site "Chess.com"]
[Date "2020.10.13"]
[Round "4"]
[White "anon569"]
[Black "Lucas_Tomiello"]
[Result "0-1"]
[WhiteElo "2258"]
[BlackElo "2428"]
[TimeControl "180+1"]
[EndTime "10:38:52 PDT"]
[Termination "Lucas_Tomiello won on time"]

1. e4 c5 2. Nf3 d6 3. d4 cxd4 4. Nxd4 Nf6 5. Nc3 a6 6. Bg5 Nbd7 7. f4 Qc7 8. Qf3 b5 9. a3 Bb7 10. O-O-O h6 11. Bh4 Rc8 12. Bd3 e6 13. Rhe1 Be7 14. Kb1 O-O 15. Bf2 Nb6 16. g4 Nfd7 17. h4 d5 18. e5 b4 19. Na2 bxa3 20. b3 Nc5 21. Rc1 Ne4 22. Bxe4 dxe4 23. Qg3 Rfd8 24. g5 hxg5 25. hxg5 Bc5 26. c3 g6 27. Qh3 e3 28.
Bxe3 Bf8 29. Rh1 Bxh1 30. Rxh1 Bg7 31. Qh7+ Kf8 32. Rf1 Nd5 33. Bd2 Ne7 34. Qh2 Rxd4 0-1

[Event "*** SCC Grand Prix: Titled Tuesday Blitz"]
[Site "Chess.com"]
[Date "2020.10.13"]
[Round "4"]
[White "djano"]
[Black "ShcufNaiRolf"]
[Result "1/2-1/2"]
[WhiteElo "2453"]
[BlackElo "2314"]
[TimeControl "180+1"]
[EndTime "10:38:53 PDT"]
[Termination "Game drawn by repetition"]

1. d4 d5 2. Nf3 Nf6 3. Bf4 c5 4. e3 Nc6 5. Nbd2 Bf5 6. dxc5 e6 7. Nd4 Bxc5 8. Nxf5 exf5 9. c3 O-O 10.
Bd3 Ne4 11. Nb3 Bd6 12. Qf3 g6 13. O-O-O a5 14. Kb1 a4 15. Nd4 a3 16. Bxe4 fxe4 17. Qg3 Bxf4 18. Qxf4 axb2 19. Nb3 Qb6 20. Rd2 Qa6 21. Rxb2 Qd3+ 22. Ka1 Rxa2+ 23. Rxa2 Qxc3+ 24.
Rb2 Ra8+ 25. Kb1 Qd3+ 26. Kc1 Nb4 27. Qc7 Na2+ 28. Rxa2 Rxa2 29. Qb8+ Kg7 30. Qe5+ Kg8 31. Qb8+ Kg7 32. Qe5+ Kg8 33. Qb8+ 1/2-1/2

[Event "*** SCC Grand Prix: Titled Tuesday Blitz"]
[Site "Chess.com"]
[Date "2020.10.13"]
[Round "4"]
[White "rugbyclub"]
[Black "lucachess49"]
[Result "0-1"]
[WhiteElo "2223"]
[BlackElo "2408"]
[TimeControl "180+1"]
[EndTime "10:38:54 PDT"]
[Termination "lucachess49 won by resignation"]

1. d4 Nf6 2. c4 e6 3. Nc3 Bb4 4.
e3 O-O 5. Ne2 Re8 6. a3 Bf8 7. g3 d5 8. Bg2 c6 9. b3 b6 10. O-O Ba6 11. Qd3 Nbd7 12. e4 dxc4 13. bxc4 Ne5 14. dxe5 Qxd3 15. exf6 Rad8 16. e5 Qxc4 17.
Bf4 gxf6 18. exf6 e5 19. Be3 Bc5 20. Bh6 Qg4 21. Rfe1 Qf5 22. Ne4 Bd4 23. Nxd4 exd4 24.
Bg7 d3 25. Re3 d2 26. Rd1 Rd3 27. Nd6 Rdxe3 28. Nxf5 Re1+ 29. Bf1 Rxd1 30. Ne7+ Rxe7 31. fxe7 Rxf1+ 32. Kg2 Re1 0-1

[Event "*** SCC Grand Prix: Titled Tuesday Blitz"]
[Site "Chess.com"]
[Date "2020.10.13"]
[Round "4"]
[White "Beltraxtor"]
[Black "anon102030"]
[Result "0-1"]
[WhiteElo "2551"]
[BlackElo "2730"]
[TimeControl "180+1"]
[EndTime "10:38:55 PDT"]
[Termination "anon102030 won on time"]

1. e4 e5 2. Nf3 Nc6 3. Bb5 Nge7 4. O-O d6 5. c3 Bd7 6. d4 Ng6 7.
d5 Nb8 8. c4 Be7 9. Nc3 O-O 10.
b4 a5 11. Rb1 axb4 12. Rxb4 b6 13. Ne1 f5 14. Nd3 fxe4 15. Nxe4 Rxa2 16. Bxd7 Qxd7 17.
Qb3 Ra8 18. c5 Na6 19. c6 Qf5 20. Ra4 Qf7 21. f3 Nc5 22. Ndxc5 dxc5 23. Rd1 Rxa4 24. Qxa4 Rd8 25. Qa2 h6 26. Be3 Bf8 27. Nc3 Ne7 28. Rd2 Nf5 29. Kf2 Be7 30. Ne4 Bh4+ 31. g3 Be7 32.
Qb3 Nd4 33. Bxd4 exd4 0-1

[Event "*** SCC Grand Prix: Titled Tuesday Blitz"]
[Site "Chess.com"]
[Date "2020.10.13"]
[Round "4"]
[White "chito89"]
[Black "FMJoseHerrera"]
[Result "1-0"]
[WhiteElo "2795"]
[BlackElo "2563"]
[TimeControl "180+1"]
[EndTime "10:38:56 PDT"]
[Termination "chito89 won by resignation"]

1. e4 c5 2. Nf3 e6 3. g3 b6 4. Bg2 Bb7 5. Nc3 a6 6. O-O Qc7 7. Qe2 d6 8. d4 cxd4 9. Nxd4 Nd7 10.
Rd1 Ngf6 11. Nd5 exd5 12. exd5+ Be7 13. Nf5 Ne5 14. Nxg7+ Kd8 15. Nf5 Bc8 16. Nxe7 Qxe7 17. Re1 Bg4 18. Qe3 Nfd7 19. Bd2 Qf6 20. Bc3 Re8 21. f4 Kc7 22. fxe5 Nxe5 23. Rf1 Qg6 24.
Qf4 Bh5 25. Rae1 Re7 26. Bxe5 dxe5 27. d6+ Kxd6 28. Qb4+ Kd7 29. Bxa8 1-0

[Event "*** SCC Grand Prix: Titled Tuesday Blitz"]
[Site "Chess.com"]
[Date "2020.10.13"]
[Round "4"]
[White "Alexander_Zubov"]
[Black "aloe_normansen"]
[Result "1-0"]
[WhiteElo "2908"]
[BlackElo "2356"]
[TimeControl "180+1"]
[EndTime "10:38:56 PDT"]
[Termination "Alexander_Zubov won by resignation"]

1. d4 Nf6 2. Nf3 g6 3. c4 Bg7 4.
Nc3 O-O 5. e4 d6 6. Be2 e5 7. d5 a5 8. Be3 Na6 9. Nd2 h5 10. h3 Nh7 11. a3 Bd7 12. Qc2 Nc5 13. O-O-O a4 14. Kb1 f5 15. exf5 Bxf5 16. Nde4 Nxe4 17.
Nxe4 Nf6 18. Bd3 Nxe4 19. Bxe4 Qh4 20. Bxf5 Rxf5 21. g3 Qf6 22. g4 Rf4 23. Bxf4 exf4 24. gxh5 gxh5 25. Rde1 Ra6 26. Re8+ Kf7 27. Re6 Qg5 28.
h4 Qg4 29. f3 Qg3 30. Qf5+ Kg8 31. Re8+ 1-0